 Dungeon Crawl Stone Soup version 0.24-a0-525-g9231cdcba1 (webtiles) character file.

Game seed: 16151711928558343010

182 Gynju the Gusty (level 5, -2/30 HPs)
             Began as a Tengu Air Elementalist on Aug 2, 2019.
             Slain by Grinder (10 damage)
             ... on level 3 of the Dungeon.
             The game lasted 00:09:45 (4145 turns).

Gynju the Gusty (Tengu Air Elementalist)            Turns: 4145, Time: 00:09:46

Health: -2/30      AC:  3    Str: 14      XL:     5   Next: 61%
Magic:  0/10       EV: 16    Int: 16      God:
Gold:   117        SH:  0    Dex: 13 (15) Spells: 3/10 levels left

rFire    . . .     SeeInvis .   d - +0 whip
rCold    . . .     Gourm    .   (no shield)
rNeg     . . .     Faith    .   q - +1 animal skin
rPois    .         Spirit   .   (helmet restricted)
rElec    .         Reflect  .   (no cloak)
rCorr    .         Harm     .   (no gloves)
MR       .....                  (boots unavailable)
Stlth    ++........             (no amulet)
HPRegen  0.10/turn              n - +6 ring of strength
MPRegen  0.12/turn              (no ring)

@: flying quickly and evasively, quick
A: beak, talons 3, able to fly
a: Stop Flying


You were on level 3 of the Dungeon.
You were not hungry.

You visited 1 branch of the dungeon, and saw 3 of its levels.

You collected 117 gold pieces.

Inventory:

Hand Weapons
 d - a +0 whip (weapon)
Missiles
 e - 105 stones (quivered)
 h - 12 poisoned darts
 p - 7 curare-tipped darts
Armour
 q - a +1 animal skin (worn)
Jewellery
 n - a +6 ring of strength (left hand)
Scrolls
 b - a scroll of enchant weapon {unknown}
 g - a scroll of immolation {unknown}
 i - 2 scrolls of identify {unknown}
 k - a scroll of remove curse {unknown}
 l - a scroll of teleportation {unknown}
Potions
 f - a potion of cancellation {unknown}
 j - a potion of berserk rage {unknown}
 m - a potion of flight {unknown}
 o - a potion of curing {unknown}
 r - a potion of agility {unknown}
Comestibles
 c - 3 rations


   Skills:
 + Level 1.6 Fighting
 + Level 3.1 Dodging
 - Level 2.0 Stealth
 * Level 3.0 Spellcasting
 * Level 3.5 Conjurations
 * Level 5.1 Air Magic


You had 3 spell levels left.
You knew the following spells:

 Your Spells              Type           Power        Failure   Level  Hunger
a - Shock                 Conj/Air       ###.         3%          1    #......
b - Swiftness             Chrm/Air       ##......     10%         2    ##.....
c - Airstrike             Air            ###.......   22%         4    #####..

Your spell library contained the following spells:

 Spells                   Type           Power        Failure   Level  Hunger
 Static Discharge         Conj/Air       ###.....     10%         3    ###....
 Lightning Bolt           Conj/Air       ###.......   65%         5    ######.


Dungeon Overview and Level Annotations

Branches:
Dungeon (3/15)

Altars:
Fedhas
Gozag
Trog
Wu Jian
Xom

Shops:
D:3 *

Annotations:
D:3 Grinder


Innate Abilities, Weirdness & Mutations

You have a beak for a mouth.
You have claws for feet.
You can fly continuously.


Message History

Press: ? - help, Shift-Dir - straight line, f/p - Grinder
Aim: Grinder (moderately wounded)
The zap hits Grinder.
Grinder is heavily wounded.
Grinder barely misses you.
Casting: Shock (safe; 3% risk of failure)
Confirm with . or Enter, or press ? or * to list all spells.
You don't have enough magic to cast that spell.
Casting: Shock (safe; 3% risk of failure)
Confirm with . or Enter, or press ? or * to list all spells.
You don't have enough magic to cast that spell.
You hit Grinder but do no damage.
Grinder is heavily wounded.
Grinder hits you.
You writhe in agony.
* * * LOW HITPOINT WARNING * * *
Grinder hits you but does no damage.
You hit Grinder. Your kick misses Grinder. You peck Grinder.
Grinder is heavily wounded.
Grinder hits you!
You die...

#.##.###### #.#
... #.# .### #.#
.# #.# .# #.# .#
#.# )# #5# .. #@#
... #.# #.# #.#
#.# #.# ##### #.#
#.# #...# #.# #.#
#...# #.### #.#
#...# #.>..
#.####...#####.###
#..............#


You could see Grinder.

Vanquished Creatures
  A quasit (D:3)
  Robin (D:3)
  4 adders
  An ooze (D:1)
  A dart slug (D:1)
  2 worms (D:2)
  4 leopard geckos
  2 orcs (D:3)
  10 bats
  4 giant cockroaches
  14 goblins
  8 hobgoblins
  A quokka (D:2)
  4 ball pythons
  5 frilled lizards
  14 kobolds
  5 rats
81 creatures vanquished.

Notes
Turn   | Place    | Note
-------+----------+-------------------------------------------
     0 | D:1      | Gynju the Tengu Air Elementalist began the quest for the
                  | Orb.
     0 | D:1      | Reached XP level 1. HP: 10/10 MP: 4/4
   204 | D:1      | Reached XP level 2. HP: 15/15 MP: 1/6
   606 | D:1      | Reached XP level 3. HP: 16/20 MP: 1/7
  1596 | D:2      | Reached skill level 1 in Fighting
  1673 | D:2      | Reached XP level 4. HP: 24/25 MP: 2/8
  1819 | D:2      | Learned a level 2 spell: Swiftness
  1824 | D:2      | Learned a level 4 spell: Airstrike
  1854 | D:2      | Found a shimmering altar of Xom.
  2222 | D:3      | Found Gozag's Platinum Reserve.
  2516 | D:3      | Found a bloodstained altar of Trog.
  2769 | D:3      | Identified the +4 helmet of the Pirate {rElec}
  2769 | D:3      | Noticed Robin
  3137 | D:3      | Killed Robin
  3318 | D:3      | Found an opulent altar of Gozag.
  3352 | D:3      | Gained mutation: You can fly continuously. [Tengu growth]
  3352 | D:3      | Reached XP level 5. HP: 29/29 MP: 8/10
  3380 | D:3      | Found an ornate altar of the Wu Jian Council.
  3380 | D:3      | Found a blossoming altar of Fedhas.
  3567 | D:3      | Reached skill level 5 in Air Magic
  4121 | D:3      | Noticed Grinder
  4137 | D:3      | Paralysed by Grinder for 3 turns
  4145 | D:3      | Slain by Grinder

Levels and vault maps discovered:
D:1:      wheals_arrival_shading, layout_basic
D:2:      layout_basic, lemuel_crystal_altar, first_ration
D:3:      layout_basic, nicolae_overflow_crystal_walls,
          nicolae_gozag_zags_fifth_avenue,
          chequers_temple_overflow_statue_of_worship, uniq_grinder, uniq_robin

Skill      XL: |  1  2  3  4  5 |
---------------+----------------+-----
Conjurations   | 2 3 |  3.5
Fighting       | 1 |  1.6
Spellcasting   | 3 |  3.0
Air Magic      | 5 |  5.1
Dodging        | 3 |  3.1
Stealth        | |  2.0

Action                   |  1- 3 |  4- 6 || total
-------------------------+-------+-------++-------
Melee: Whip              |     8 |    19 ||    27
       Peck              |     2 |     2 ||     4
       Kick              |     1 |     3 ||     4
Throw: Stone             |       |     2 ||     2
 Cast: Shock             |    79 |   104 ||   183
 Abil: Fly               |       |     1 ||     1
  Eat: Chunk             |     3 |     8 ||    11
Armor: Robe              |     2 |     3 ||     5
       Animal skin       |       |     5 ||     5
Dodge: Dodged            |    10 |    54 ||    64

Table legend:
 A = Non-vault XP
 B = Vault XP
 C = Vault XP percentage of total XP
 D = Non-vault monster count
 E = Vault monster count
 F = Vault count percentage of total count
                 A         B        C        D         E       F
            +---------+---------+-------+---------+---------+-------
      Total |     225 |      35 |  13.5 |      70 |      11 |  13.6
            +---------+---------+-------+---------+---------+-------
        D:1 |      49 |       0 |   0.0 |      26 |       0 |   0.0
        D:2 |      50 |      11 |  18.0 |      21 |       6 |  22.2
        D:3 |     126 |      24 |  16.0 |      23 |       5 |  17.9
            +---------+---------+-------+---------+---------+-------
